[ AOE2 MATCH · #476904666 ]
UnrankedGoths vs Bulgarians
[ REPLAY ANALYSIS · EXTRACTED FROM THE RECORDED GAME ]
Feudal
10:31
Castle
—
Imperial
—
| APM avg | 19.8 |
| APM peak | 81 |
| eAPM avg | 7.0 |
| Villagers / military | 32 / 0 |
Focus
⚔️ 0.9% · 🌾 99.1%
Feudal
12:06
Castle
17:13
Imperial
—
| APM avg | 19.7 |
| APM peak | 56 |
| eAPM avg | 7.5 |
| Villagers / military | 29 / 0 |
Focus
⚔️ 3.3% · 🌾 96.7%
Feudal
12:37
Castle
—
Imperial
—
| APM avg | 11.8 |
| APM peak | 42 |
| eAPM avg | 7.5 |
| Villagers / military | 39 / 0 |
Focus
⚔️ 0.8% · 🌾 99.2%
Feudal
12:23
Castle
16:29
Imperial
—
| APM avg | 11.3 |
| APM peak | 25 |
| eAPM avg | 7.2 |
| Villagers / military | 29 / 0 |
Focus
⚔️ 5.3% · 🌾 94.7%
Feudal
11:31
Castle
16:07
Imperial
—
| APM avg | 31.4 |
| APM peak | 58 |
| eAPM avg | 18.7 |
| Villagers / military | 39 / 0 |
Focus
⚔️ 8.7% · 🌾 91.3%
Feudal
12:25
Castle
15:08
Imperial
—
| APM avg | 16.9 |
| APM peak | 45 |
| eAPM avg | 9.5 |
| Villagers / military | 39 / 2 |
Focus
⚔️ 9.6% · 🌾 90.4%
Monk ×2
Match map
Initial resources + every placement click. Lines = walls · curves = elevation contours. ◆ gold · ⬟ stone · ● berries · ✦ relic · ◌ wall gap
Your base· ✓ Closed at 12:00 · 0t walls · 2 gate(s)
.:Primstad:.'s base· ✓ Closed at 17:13 · 0t walls · 3 gate(s)
Mert's base· ✓ Closed at 17:38 · 0t walls · 2 gate(s)
Georgr99999999's base· ✓ Closed at 16:29 · 0t walls · 3 gate(s)
Fyiğit39's base· ✓ Closed at 16:07 · 0t walls · 3 gate(s)
kjetil's base· ✓ Closed at 15:08 · 0t walls · 2 gate(s)
Smoothed initial terrain · ◌ = detected wall gap · hover for details
Inputs per minute
— giannis.arsla - - .:Primstad:.
Build order — giannis.arsla
53 actions detected in the replay
| 0:07 | Build | House |
| 0:08 | Create | Villager (Male) |
| 0:08 | Create | Villager (Male) |
| 0:09 | Create | Villager (Male) |
| 0:09 | Create | Villager (Male) |
| 0:10 | Create | Villager (Male) |
| 0:57 | Build | House |
| 1:42 | Create | Villager (Male) |
| 1:42 | Create | Villager (Male) |
| 2:27 | Create | Villager (Male) |
| 2:28 | Create | Villager (Male) |
| 3:42 | Create | Villager (Male) |
| 4:01 | Build | Mill |
| 4:08 | Build | House |
| 4:09 | Build | House |
| 4:31 | Create | Villager (Male) |
| 4:32 | Create | Villager (Male) |
| 4:53 | Create | Villager (Male) |
| 5:27 | Create | Villager (Male) |
| 5:51 | Create | Villager (Male) |
| 5:52 | Create | Villager (Male) |
| 5:53 | Create | Villager (Male) |
| 7:28 | Build | Lumber Camp |
| 7:31 | Create | Villager (Male) |
| 7:32 | Create | Villager (Male) |
| 8:08 | Research | Feudal Age |
| 10:13 | Create | Villager (Male) |
| 10:13 | Create | Villager (Male) |
| 10:14 | Create | Villager (Male) |
| 10:31 | Age | Feudal Age |
| 10:50 | Build | Farm |
| 11:00 | Build | Barracks |
| 11:04 | Create | Villager (Male) |
| 11:29 | Build | Blacksmith |
| 11:50 | Build | Farm |
| 11:52 | Build | Farm |
| 11:57 | Build | Farm |
| 12:06 | Create | Villager (Male) |
| 12:06 | Create | Villager (Male) |
| 12:07 | Create | Villager (Male) |
| 12:27 | Build | House |
| 13:14 | Build | House |
| 13:15 | Build | House |
| 16:56 | Build | Mining Camp |
| 17:00 | Build | Farm |
| 17:01 | Build | Farm |
| 17:04 | Build | Farm |
| 17:05 | Create | Villager (Male) |
| 17:06 | Create | Villager (Male) |
| 17:06 | Create | Villager (Male) |
| 17:06 | Create | Villager (Male) |
| 17:07 | Create | Villager (Male) |
| 17:07 | Create | Villager (Male) |
Build order — .:Primstad:.
65 actions detected in the replay
| 0:02 | Create | Villager (Male) |
| 0:03 | Create | Villager (Male) |
| 0:03 | Create | Villager (Male) |
| 0:04 | Build | House |
| 0:05 | Build | House |
| 0:06 | Create | Villager (Male) |
| 1:37 | Create | Villager (Male) |
| 2:09 | Create | Villager (Male) |
| 2:30 | Create | Villager (Male) |
| 3:24 | Create | Villager (Male) |
| 3:24 | Create | Villager (Male) |
| 3:35 | Create | Villager (Male) |
| 3:35 | Create | Villager (Male) |
| 3:40 | Build | House |
| 3:41 | Build | House |
| 4:39 | Create | Villager (Male) |
| 4:39 | Create | Villager (Male) |
| 5:43 | Create | Villager (Male) |
| 5:43 | Create | Villager (Male) |
| 5:43 | Create | Villager (Male) |
| 6:00 | Build | Mill |
| 6:39 | Create | Villager (Male) |
| 7:13 | Create | Villager (Male) |
| 7:28 | Build | Lumber Camp |
| 7:50 | Create | Villager (Male) |
| 8:26 | Create | Villager (Male) |
| 8:27 | Create | Villager (Male) |
| 8:36 | Research | Loom |
| 9:23 | Build | Mining Camp |
| 9:31 | Research | Loom |
| 9:51 | Research | Feudal Age |
| 11:22 | Build | Mill |
| 11:38 | Build | House |
| 11:45 | Build | House |
| 12:06 | Age | Feudal Age |
| 12:07 | Create | Villager (Male) |
| 12:07 | Create | Villager (Male) |
| 12:07 | Create | Villager (Male) |
| 12:14 | Build | Market |
| 12:19 | Build | Blacksmith |
| 13:16 | Build | Farm |
| 13:17 | Build | Farm |
| 13:17 | Build | Farm |
| 13:18 | Build | Farm |
| 13:19 | Build | Farm |
| 13:21 | Build | Farm |
| 13:37 | Create | Villager (Male) |
| 13:53 | Build | Farm |
| 14:04 | Create | Villager (Male) |
| 14:33 | Research | Castle Age |
| 15:17 | Research | Double-Bit Axe |
| 15:19 | Research | Horse Collar |
| 16:10 | Build | Farm |
| 16:10 | Build | Farm |
| 16:11 | Build | Farm |
| 16:12 | Build | Farm |
| 16:12 | Build | Farm |
| 16:13 | Build | Farm |
| 16:23 | Build | Farm |
| 16:58 | Create | Villager (Male) |
| 16:59 | Create | Villager (Male) |
| 16:59 | Create | Villager (Male) |
| 17:13 | Age | Castle Age |
| 17:16 | Build | Town Center |
| 18:02 | Build | Town Center |
Build order — Mert
83 actions detected in the replay
| 0:06 | Research | Loom |
| 0:06 | Create | Villager (Male) |
| 0:06 | Create | Villager (Male) |
| 0:06 | Create | Villager (Male) |
| 0:07 | Create | Villager (Male) |
| 0:07 | Create | Villager (Male) |
| 0:19 | Build | House |
| 0:20 | Build | House |
| 0:21 | Build | House |
| 0:22 | Build | House |
| 2:21 | Create | Villager (Male) |
| 2:21 | Create | Villager (Male) |
| 2:30 | Build | Mill |
| 2:57 | Create | Villager (Male) |
| 2:57 | Create | Villager (Male) |
| 3:24 | Create | Villager (Male) |
| 3:54 | Create | Villager (Male) |
| 4:12 | Create | Villager (Male) |
| 4:12 | Create | Villager (Male) |
| 4:55 | Create | Villager (Male) |
| 4:55 | Create | Villager (Male) |
| 4:56 | Create | Villager (Male) |
| 5:19 | Create | Villager (Male) |
| 5:20 | Create | Villager (Male) |
| 6:06 | Create | Villager (Male) |
| 6:22 | Create | Villager (Male) |
| 7:03 | Create | Villager (Male) |
| 7:21 | Create | Villager (Male) |
| 7:50 | Create | Villager (Male) |
| 8:33 | Create | Villager (Male) |
| 8:41 | Build | Lumber Camp |
| 8:50 | Build | Lumber Camp |
| 8:53 | Create | Villager (Male) |
| 9:08 | Create | Villager (Male) |
| 9:38 | Build | House |
| 9:39 | Build | House |
| 9:45 | Create | Villager (Male) |
| 10:06 | Create | Villager (Male) |
| 10:17 | Build | Mill |
| 10:22 | Build | House |
| 10:26 | Research | Feudal Age |
| 11:08 | Build | House |
| 11:09 | Build | House |
| 11:10 | Build | House |
| 11:29 | Create | Villager (Male) |
| 11:29 | Create | Villager (Male) |
| 12:34 | Build | House |
| 12:37 | Age | Feudal Age |
| 12:44 | Build | Market |
| 13:08 | Build | House |
| 13:15 | Create | Villager (Male) |
| 13:39 | Create | Villager (Male) |
| 13:53 | Build | Mining Camp |
| 13:57 | Create | Villager (Male) |
| 14:10 | Build | Farm |
| 14:11 | Build | Farm |
| 14:20 | Build | Blacksmith |
| 14:25 | Create | Villager (Male) |
| 14:48 | Build | Farm |
| 14:50 | Create | Villager (Male) |
| 15:12 | Build | Farm |
| 15:33 | Create | Villager (Male) |
| 15:39 | Build | Farm |
| 15:52 | Create | Villager (Male) |
| 16:08 | Build | Farm |
| 16:17 | Build | Farm |
| 16:20 | Build | Farm |
| 16:23 | Create | Villager (Male) |
| 16:28 | Build | Farm |
| 16:32 | Build | Farm |
| 16:36 | Build | Farm |
| 16:41 | Build | Farm |
| 16:45 | Build | Farm |
| 16:52 | Build | Farm |
| 16:56 | Build | Farm |
| 16:58 | Create | Villager (Male) |
| 17:08 | Build | Farm |
| 17:31 | Build | Farm |
| 17:38 | Research | Castle Age |
| 17:59 | Research | Horse Collar |
| 18:02 | Research | Double-Bit Axe |
| 18:07 | Research | Gold Mining |
| 18:15 | Build | House |
Build order — Georgr99999999
56 actions detected in the replay
| 0:02 | Create | Villager (Male) |
| 0:02 | Create | Villager (Male) |
| 0:02 | Create | Villager (Male) |
| 0:03 | Create | Villager (Male) |
| 0:04 | Build | House |
| 0:06 | Build | House |
| 1:52 | Create | Villager (Male) |
| 2:26 | Create | Villager (Male) |
| 2:34 | Build | Lumber Camp |
| 2:39 | Create | Villager (Male) |
| 3:13 | Research | Loom |
| 3:16 | Create | Villager (Male) |
| 3:16 | Create | Villager (Male) |
| 3:31 | Build | House |
| 3:52 | Create | Villager (Male) |
| 4:46 | Create | Villager (Male) |
| 4:46 | Create | Villager (Male) |
| 4:54 | Build | Mill |
| 5:24 | Create | Villager (Male) |
| 5:26 | Create | Villager (Male) |
| 6:13 | Build | House |
| 6:46 | Create | Villager (Male) |
| 6:47 | Create | Villager (Male) |
| 7:18 | Create | Villager (Male) |
| 8:12 | Create | Villager (Male) |
| 8:13 | Create | Villager (Male) |
| 8:40 | Build | House |
| 8:42 | Build | Mining Camp |
| 9:13 | Create | Villager (Male) |
| 9:14 | Create | Villager (Male) |
| 9:50 | Build | Mill |
| 10:13 | Research | Feudal Age |
| 10:14 | Create | Villager (Male) |
| 10:15 | Create | Villager (Male) |
| 10:29 | Build | Mill |
| 11:30 | Build | House |
| 12:23 | Age | Feudal Age |
| 12:34 | Research | Double-Bit Axe |
| 12:54 | Build | Market |
| 13:01 | Build | Blacksmith |
| 13:08 | Create | Villager (Male) |
| 13:09 | Create | Villager (Male) |
| 13:16 | Build | Farm |
| 13:46 | Build | Farm |
| 13:49 | Research | Castle Age |
| 13:52 | Research | Double-Bit Axe |
| 14:40 | Research | Wheelbarrow |
| 14:46 | Research | Horse Collar |
| 16:29 | Age | Castle Age |
| 16:31 | Build | Town Center |
| 17:27 | Research | Bow Saw |
| 17:44 | Build | Town Center |
| 17:55 | Create | Villager (Male) |
| 17:55 | Create | Villager (Male) |
| 17:56 | Create | Villager (Male) |
| 17:56 | Create | Villager (Male) |
Build order — Fyiğit39
68 actions detected in the replay
| 0:04 | Build | House |
| 0:06 | Build | House |
| 0:11 | Create | Villager (Male) ×4 |
| 0:11 | Create | Villager (Male) ×4 |
| 1:20 | Create | Villager (Male) |
| 2:30 | Create | Villager (Male) |
| 2:30 | Create | Villager (Male) |
| 2:31 | Create | Villager (Male) |
| 3:04 | Build | Lumber Camp |
| 3:07 | Create | Villager (Male) |
| 3:08 | Create | Villager (Male) |
| 3:19 | Create | Villager (Male) |
| 3:19 | Create | Villager (Male) |
| 3:38 | Create | Villager (Male) |
| 3:38 | Create | Villager (Male) |
| 4:04 | Create | Villager (Male) |
| 4:04 | Create | Villager (Male) |
| 4:15 | Build | House |
| 4:17 | Build | House |
| 4:31 | Create | Villager (Male) |
| 4:31 | Create | Villager (Male) |
| 5:38 | Build | Mill |
| 6:01 | Create | Villager (Male) |
| 6:01 | Create | Villager (Male) |
| 6:02 | Create | Villager (Male) |
| 6:02 | Create | Villager (Male) |
| 6:02 | Create | Villager (Male) |
| 6:08 | Build | House |
| 6:24 | Research | Loom |
| 7:10 | Create | Villager (Male) |
| 7:45 | Create | Villager (Male) |
| 7:52 | Create | Villager (Male) |
| 9:07 | Build | Mining Camp |
| 9:12 | Research | Feudal Age |
| 9:41 | Build | Farm |
| 10:10 | Build | Farm |
| 11:31 | Age | Feudal Age |
| 11:36 | Build | Market |
| 11:39 | Create | Villager (Male) |
| 11:39 | Create | Villager (Male) |
| 11:55 | Build | Blacksmith |
| 12:03 | Build | Farm |
| 12:08 | Build | Farm |
| 12:35 | Create | Villager (Male) |
| 12:41 | Build | Farm |
| 13:27 | Research | Castle Age |
| 13:44 | Build | Barracks |
| 14:19 | Research | Double-Bit Axe |
| 14:29 | Research | Horse Collar |
| 14:43 | Build | House |
| 14:44 | Build | House |
| 14:51 | Build | House |
| 14:52 | Build | House |
| 15:10 | Research | Gold Mining |
| 16:07 | Age | Castle Age |
| 16:28 | Build | Town Center |
| 16:39 | Create | Villager (Male) |
| 16:39 | Create | Villager (Male) |
| 16:44 | Create | Villager (Male) |
| 17:04 | Build | Farm |
| 17:55 | Build | Farm |
| 17:56 | Build | Farm |
| 17:56 | Build | Farm |
| 18:11 | Create | Villager (Male) |
| 18:11 | Create | Villager (Male) |
| 18:11 | Create | Villager (Male) |
| 18:20 | Build | Farm |
| 18:26 | Build | Farm |
Build order — kjetil
62 actions detected in the replay
| 0:02 | Create | Villager (Male) |
| 0:03 | Create | Villager (Male) |
| 0:03 | Create | Villager (Male) |
| 0:03 | Create | Villager (Male) |
| 0:07 | Build | House |
| 0:09 | Build | House |
| 1:26 | Create | Villager (Male) |
| 1:26 | Create | Villager (Male) |
| 2:11 | Create | Villager (Male) |
| 2:17 | Build | Lumber Camp |
| 2:45 | Create | Villager (Male) |
| 2:45 | Create | Villager (Male) |
| 3:25 | Create | Villager (Male) |
| 3:30 | Build | House |
| 3:54 | Create | Villager (Male) |
| 3:54 | Create | Villager (Male) |
| 4:38 | Create | Villager (Male) |
| 4:52 | Create | Villager (Male) |
| 5:33 | Create | Villager (Male) |
| 5:33 | Create | Villager (Male) |
| 5:34 | Create | Villager (Male) |
| 6:14 | Create | Villager (Male) |
| 6:14 | Create | Villager (Male) |
| 6:15 | Create | Villager (Male) |
| 6:15 | Create | Villager (Male) |
| 6:20 | Build | House |
| 6:43 | Research | Loom |
| 6:44 | Create | Villager (Male) |
| 6:44 | Create | Villager (Male) |
| 6:44 | Create | Villager (Male) |
| 7:02 | Build | Mill |
| 7:29 | Build | Mill |
| 7:51 | Create | Villager (Male) |
| 7:51 | Create | Villager (Male) |
| 7:51 | Create | Villager (Male) |
| 8:10 | Build | Mining Camp |
| 8:50 | Create | Villager (Male) |
| 9:30 | Build | Mill |
| 10:15 | Research | Feudal Age |
| 10:29 | Build | House |
| 12:25 | Age | Feudal Age |
| 12:28 | Research | Castle Age |
| 12:53 | Research | Double-Bit Axe |
| 14:18 | Create | Villager (Male) |
| 14:20 | Create | Villager (Male) |
| 14:50 | Create | Villager (Male) |
| 15:08 | Age | Castle Age |
| 15:14 | Build | Monastery |
| 15:24 | Build | Town Center |
| 15:35 | Create | Villager (Male) |
| 15:45 | Build | House |
| 16:00 | Create | Monk |
| 16:40 | Create | Villager (Male) |
| 16:51 | Build | Town Center |
| 16:54 | Create | Monk |
| 17:26 | Create | Villager (Male) |
| 17:26 | Create | Villager (Male) |
| 17:27 | Create | Villager (Male) |
| 17:27 | Create | Villager (Male) |
| 17:27 | Create | Villager (Male) |
| 17:27 | Create | Villager (Male) |
| 18:15 | Build | Mining Camp |
Match timeline
| 10:31 | giannis.arsla · age_up feudal |
| 11:00 | giannis.arsla · first_building Barracks |
| 11:31 | Fyiğit39 · age_up feudal |
| 12:06 | .:Primstad:. · age_up feudal |
| 12:23 | Georgr99999999 · age_up feudal |
| 12:25 | kjetil · age_up feudal |
| 12:37 | Mert · age_up feudal |
| 13:44 | Fyiğit39 · first_building Barracks |
| 15:08 | kjetil · age_up castle |
| 15:14 | kjetil · first_building Monastery |
| 16:07 | Fyiğit39 · age_up castle |
| 16:29 | Georgr99999999 · age_up castle |
| 17:13 | .:Primstad:. · age_up castle |
| 17:16 | giannis.arsla · resign |
| 17:35 | Mert · first_market_sell 100 wood |
[ AI ANALYSIS · 1 CREDIT ]
What really happened in this match?
Wolo.gg analyzes every decision: build order, eco, micro, common mistakes by bracket. Personalized analysis on WhatsApp or Discord in 30 seconds.
Civ guide
Goths
Perfil
Jugador #21252982